 Dungeon Crawl Stone Soup version 0.18.1-5-g4a78601 (webtiles) character file.

148 Zhenya25pyc the Skirmisher (level 5, -1/33 HPs)
             Began as a Gargoyle Fighter on May 14, 2016.
             Slain by Purgy (3 damage)
             ... in a sewer.
             The game lasted 00:04:02 (2083 turns).

Zhenya25pyc the Skirmisher (Gargoyle Fighter)       Turns: 2083, Time: 00:04:04

Health: -1/33      AC: 12    Str: 20    XL:     5   Next: 30%
Magic:  5/5        EV:  7    Int:  9    God:
Gold:   106        SH:  9    Dex:  9    Spells: 0 memorised, 4 levels left

rFire  . . .     SeeInvis .     a - +0 flail
rCold  . . .     Gourm    .     b - +0 scale mail
rNeg   + . .     Faith    .     c - +0 shield
rPois  ∞         Spirit   .     (no helmet)
rElec  +         Dismiss  .     (no cloak)
rCorr  .         Reflect  .     (no gloves)
SustAt .         Harm     .     s - +0 pair of boots
MR     .....                    (no amulet)
Stlth  ..........               (no ring)
                                j - ring of wizardry

@: not resistant to hostile enchantments, extremely unstealthy
A: negative energy resistance 1, electricity resistance, unbreathing,
petrification resistance, rot immunity, AC +4
a: no special abilities


You were in a sewer.
You were hungry.

You visited 1 branch of the dungeon, and saw 3 of its levels.
You also visited: Sewer.

You collected 106 gold pieces.

Inventory:

Hand Weapons
 a - a +0 flail (weapon)
Armour
 b - a +0 scale mail (worn)
 c - a +0 shield (worn)
 s - a +0 pair of boots (worn)
Jewellery
 j - a ring of wizardry (left hand)
Wands
 o - a wand of random effects (29/48)
Scrolls
 e - 3 scrolls of identify {unknown}
 h - 2 scrolls of remove curse {unknown}
 n - a scroll of enchant armour {unknown}
 q - a scroll of noise {unknown}
 r - a scroll of amnesia {unknown}
 t - a scroll of immolation {unknown}
 u - a scroll of magic mapping {unknown}
 w - a scroll of fear {unknown}
 y - a scroll of teleportation {unknown}
 A - a scroll of recharging {unknown}
Potions
 d - 3 potions of might
 g - a potion of curing {unknown}
 l - a potion of brilliance {unknown}
 p - a potion of cure mutation {unknown}
 x - a potion of haste {unknown}
 z - 2 potions of flight {unknown}
 B - a potion of degeneration {unknown}
Comestibles
 f - 3 bread rations
 i - a slice of pizza
 k - a meat ration
 m - 3 fruits


   Skills:
 + Level 4.2 Fighting
 * Level 3.5 Maces & Flails
 + Level 3.9 Armour
 + Level 4.1 Shields


You had 4 spell levels left.
You didn't know any spells.

Dungeon Overview and Level Annotations

Branches:
Dungeon (3/15)

Altars:
Vehumet

Annotations:
Sewer Purgy


Innate Abilities, Weirdness & Mutations

You are resistant to torment.
Your stone body is resilient (AC +4).
You are immune to poison.
You resist negative energy.
You are resistant to electric shocks.
You can survive without breathing.
You are immune to petrification.
You are immune to rotting.


Message History

Purgy is moderately wounded.
The adder bites you but does no damage. Purgy bites you but does no damage.
Purgy claws you but does no damage. x2
You hit Purgy.
Purgy is moderately wounded.
The adder closely misses you. You block Purgy's attack.
Purgy claws you but does no damage. x2; The adder bites you but does no damage.
You completely miss Purgy.
Purgy is moderately wounded.
The adder bites you but does no damage. Purgy bites you.
You block Purgy's attack. Purgy claws you.
* * * LOW HITPOINT WARNING * * *
You block the adder's attack. Purgy bites you but does no damage.
You block Purgy's attack. Purgy completely misses you.
You sock Purgy!
Purgy is heavily wounded.
You block the adder's attack. Purgy bites you.
* * * LOW HITPOINT WARNING * * *
Purgy claws you but does no damage. Purgy claws you.
You die...

###≈≈≈≈≈≈≈≈≈≈≈≈≈≈≈≈≈≈≈
##≈≈≈≈≈≈≈≈≈≈≈≈≈≈≈≈≈≈≈≈≈
##≈≈≈≈≈≈≈≈≈≈≈≈≈≈≈≈≈≈≈≈≈≈
#≈≈≈≈≈≈≈≈≈≈≈≈≈≈≈≈≈≈≈≈≈≈≈
#≈≈≈≈≈≈≈≈≈≈≈≈≈≈≈≈≈≈≈≈≈≈≈
≈≈≈≈≈≈≈≈≈≈≈..≈≈≈≈≈≈≈≈≈≈≈
≈≈≈≈≈≈≈≈≈≈.##≈≈≈.≈.≈≈≈≈≈
≈≈≈≈≈≈≈≈≈≈.##.#≈##.#†≈≈≈
≈≈≈≈≈≈S@#######≈####.≈≈≈
≈≈≈≈≈≈≈T.# #.# ##.≈≈
≈≈≈≈≈≈≈≈.# #.# ##≈≈
≈≈≈≈≈≈..## #≈# #≈≈
≈≈≈≈≈≈### #≈# ##≈ ≈≈≈≈≈.
##.## #≈ ≈≈≈≈≈# #...# ##
≈≈≈≈# #.∩.# #. #...# ##


You could see Purgy and an adder.

Vanquished Creatures
  Ijyb (D:2)
  5 adders
  An ooze (D:2)
  3 worms
  4 dart slugs
  2 giant geckos
  A giant cockroach (D:1)
  6 goblins
  6 hobgoblins
  4 jackals
  4 ball pythons (Sewer)
  4 bats
  5 giant newts
  9 kobolds
  4 rats
59 creatures vanquished.

Vanquished Creatures (others)
  A kobold (D:2)
1 creature vanquished.

Grand Total: 60 creatures vanquished

Notes
Turn   | Place    | Note
--------------------------------------------------------------
     0 | D:1      | Zhenya25pyc the Gargoyle Fighter began the quest for the Orb.
     0 | D:1      | Reached XP level 1. HP: 14/14 MP: 1/1
   280 | D:1      | Reached XP level 2. HP: 19/19 MP: 2/2
   496 | D:1      | Reached XP level 3. HP: 20/23 MP: 3/3
   795 | D:2      | Noticed Ijyb
   809 | D:2      | Killed Ijyb
   809 | D:2      | Reached XP level 4. HP: 24/29 MP: 4/4
  1367 | D:2      | Found a radiant altar of Vehumet.
  1442 | D:2      | Reached XP level 5. HP: 30/33 MP: 5/5
  1823 | D:3      | Found a glowing drain.
  1860 | Sewer    | Entered a sewer
  2056 | Sewer    | Noticed Purgy
  2083 | Sewer    | Slain by Purgy

Skill      XL: |  1  2  3  4 |
---------------+-------------+-----
Maces & Flails | 3 |  3.5
Shields        | 4 |  4.1
Fighting       | 4 |  4.2
Armour         | |  3.9

Action                   |  1- 3 |  4- 6 || total
-------------------------+-------+-------++-------
Melee: Flail             |   129 |   163 ||   292
  Eat: Chunk             |       |     4 ||     4
Armor: Scale mail        |    97 |   140 ||   237
Dodge: Dodged            |    56 |    62 ||   118
Block: Shield            |    83 |   107 ||   190
